 Dungeon Crawl Stone Soup version 0.19.1-1-g22dce08 (webtiles) character file.

1108 Alarkh the Cleaver (level 8, 43/58 HPs)
             Began as a Demonspawn Monk on Jan 7, 2017.
             Was a Believer of Trog.
             Quit the game on level 5 of the Dungeon.
             The game lasted 00:04:06 (3662 turns).

Alarkh the Cleaver (Demonspawn Monk)                Turns: 3662, Time: 00:04:07

Health: 43/58      AC:  1    Str: 11    XL:     8   Next: 11%
Magic:  8/8        EV: 18    Int: 13    God:    Trog [**....]
Gold:   163        SH:  0    Dex: 17    Spells: 0 memorised, 7 levels left

rFire  . . .     SeeInvis .     a - +0 hand axe
rCold  . . .     Gourm    .     b - +0 robe
rNeg   . . .     Faith    .     (no shield)
rPois  .         Spirit   .     (no helmet)
rElec  .         Reflect  .     r - +0 cloak
rCorr  .         Harm     .     (no gloves)
MR     .....                    (no boots)
Stlth  ++........               (no amulet)
                                p - +5 ring of evasion
                                n - +3 ring of slaying

@: corroded
A: talons 1, molten scales 1, demonic guardian 1, spiny 3
a: Berserk, Trog's Hand, Burn Spellbooks, Renounce Religion


You were on level 5 of the Dungeon.
You worshipped Trog.
Trog was pleased with you.
You were not hungry.

You visited 2 branches of the dungeon, and saw 6 of its levels.

You collected 163 gold pieces.

Inventory:

Hand Weapons
 a - a +0 hand axe (weapon)
Armour
 b - a +0 robe (worn)
 r - a +0 cloak (worn)
Jewellery
 n - a +3 ring of slaying (left hand)
 p - a +5 ring of evasion (right hand)
Scrolls
 e - a scroll of identify
 f - a scroll of noise {unknown}
 i - a scroll of remove curse
 o - 3 scrolls of magic mapping {unknown}
 s - a scroll of enchant weapon {unknown}
 u - 2 scrolls of blinking {unknown}
 v - 2 scrolls of fog {unknown}
 x - a scroll of enchant armour {unknown}
Potions
 h - 2 potions of curing
 j - a potion of mutation
 l - a potion of agility
 q - a potion of invisibility
 w - a potion of lignification
 z - a potion of haste {unknown}
Comestibles
 c - 7 bread rations
 d - 2 beef jerkies
 g - a royal jelly
 k - 4 fruits
 m - a meat ration
 t - 2 slices of pizza


   Skills:
 - Level 3.0 Fighting
 + Level 9.2 Axes
 - Level 2.6 Dodging
 - Level 1.7 Stealth


You had 7 spell levels left.
You didn't know any spells.

Dungeon Overview and Level Annotations

Branches:
Dungeon (5/15)             Temple (1/1) D:4

Altars:
Ashenzari
Cheibriados
Dithmenos
Hepliaklqana
Kikubaaqudgha
Makhleb
Nemelex Xobeh
Qazlal
Ru
Trog
Uskayaw
Vehumet
Xom
Yredelemnul
Zin
The Shining One


Innate Abilities, Weirdness & Mutations

You have sharp toenails.
You are partially covered in molten scales. (AC +2)
A weak demonic guardian rushes to your aid.
You are completely covered in sharp spines.


Message History

The jelly is struck by your spines. The jelly barely misses you.
Things that are here:
a shortbow; 13 arrows; a centaur corpse You barely miss the orc.
You claw the orc.
You kill the orc!
Trog accepts your kill.
You barely miss the orc. You hit the jelly.
Your hands burn!
Your white imp hits the orc.
Your white imp freezes the orc.
You barely miss the orc. You claw the orc, but do no damage.
The orc is almost dead.
You hit the jelly. The acid corrodes you!
Your hands burn!
The orc is struck by your spines.
You kill the orc!
Trog accepts your kill. The jelly barely misses you.
You hit the jelly.
You kill the jelly!
Trog accepts your kill.
No target in view!
Are you sure you want to abandon this character and quit the game? (Confirm with "yes".)

###. #.. #######... #.#
>......... ...
######.## # #.# #.# #.
#.# #.# ###..##.# #.#
..<...(5####### #.#
......)@)((...#######.#
#############.......<.#
###########


You could see a friendly white imp.

Vanquished Creatures
  The ghost of Alarkh the Chopper, an amateur DsMo (D:4)
  5 phantoms
  A centaur (D:5)
  A jelly (D:5)
  3 orc wizards
  A hound (D:5)
  Crazy Yiuf (D:2)
  3 iguanas
  A worker ant (D:4)
  3 adders
  An ooze (D:3)
  A worm (D:2)
  A dart slug (D:4)
  3 leopard geckos
  12 orcs
  6 giant cockroaches
  9 goblins
  4 hobgoblins
  4 jackals (D:4)
  2 quokkas
  4 bats
  3 frilled lizards
  10 kobolds
  A quokka skeleton (D:3)
  11 rats
  A plant (D:1)
93 creatures vanquished.

Notes
Turn   | Place    | Note
-------+----------+-------------------------------------------
     0 | D:1      | Alarkh the Demonspawn Monk began the quest for the Orb.
     0 | D:1      | Reached XP level 1. HP: 18/18 MP: 1/1
   139 | D:1      | Reached skill level 3 in Axes
   200 | D:1      | Gained mutation: You are partially covered in molten scales. (AC +2) [demonic ancestry]
   200 | D:1      | Reached XP level 2. HP: 8/24 MP: 2/2
   809 | D:1      | HP: 1/24 [poisoned by a kobold]
  1201 | D:1      | Gained mutation: You are partially covered in sharp spines. [demonic ancestry]
  1201 | D:1      | Reached XP level 3. HP: 23/29 MP: 3/3
  1226 | D:2      | Found a shattered altar of Ashenzari.
  1234 | D:2      | Reached skill level 4 in Axes
  1375 | D:2      | Found a snail-covered altar of Cheibriados.
  1472 | D:2      | Found a runed door.
  1613 | D:2      | Found a stormy altar of Qazlal.
  1706 | D:2      | Reached XP level 4. HP: 30/35 MP: 4/4
  1897 | D:2      | Noticed Crazy Yiuf
  1905 | D:2      | Killed Crazy Yiuf
  1961 | D:3      | Reached skill level 5 in Axes
  1980 | D:3      | Gained mutation: You have sharp toenails. [demonic ancestry]
  1980 | D:3      | Reached XP level 5. HP: 35/41 MP: 5/5
  2400 | D:4      | Reached skill level 6 in Axes
  2409 | D:4      | Gained mutation: You are mostly covered in sharp spines. [demonic ancestry]
  2409 | D:4      | Reached XP level 6. HP: 34/47 MP: 6/6
  2563 | D:4      | Noticed Alarkh's ghost (amateur DsMo)
  2584 | D:4      | Killed Alarkh's ghost
  2584 | D:4      | Reached skill level 7 in Axes
  2584 | D:4      | Gained mutation: You are completely covered in sharp spines. [demonic ancestry]
  2584 | D:4      | Reached XP level 7. HP: 52/52 MP: 7/7
  2945 | D:4      | Found a faded altar of an unknown god.
  2945 | D:4      | Found a faded altar of an unknown god.
  2954 | D:4      | Found a glowing golden altar of the Shining One.
  2956 | D:4      | Found a faded altar of an unknown god.
  2957 | D:4      | Found a faded altar of an unknown god.
  3207 | D:4      | Found a staircase to the Ecumenical Temple.
  3216 | Temple   | Entered the Ecumenical Temple
  3267 | Temple   | Became a worshipper of Trog the Wrathful
  3267 | Temple   | Reached * piety under Trog
  3267 | Temple   | Reached ** piety under Trog
  3329 | D:4      | Reached skill level 8 in Axes
  3434 | D:5      | Entered Level 5 of the Dungeon
  3443 | D:5      | Found a burning altar of Makhleb.
  3654 | D:5      | Gained mutation: A weak demonic guardian rushes to your aid. [demonic ancestry]
  3654 | D:5      | Reached XP level 8. HP: 58/58 MP: 8/8
  3657 | D:5      | Reached skill level 9 in Axes
  3662 | D:5      | Quit the game

Skill      XL: |  1  2  3  4  5  6  7  8 |
---------------+-------------------------+-----
Axes           | 3 4 5 6 7 8 9 |  9.2
Fighting       | |  3.0
Dodging        | |  2.6
Stealth        | |  1.7

Action                   |  1- 3 |  4- 6 |  7- 9 || total
-------------------------+-------+-------+-------++-------
Melee: Hand axe          |   152 |    76 |    61 ||   289
       Kick              |       |    11 |     9 ||    20
  Use: Potion            |     1 |     1 |       ||     2
       Scroll            |     2 |     1 |     1 ||     4
 Stab: Sleeping          |     7 |     1 |     1 ||     9
  Eat: Chunk             |     3 |     2 |     4 ||     9
Armor: Robe              |    23 |     5 |     7 ||    35
       Skin              |       |    14 |       ||    14
Dodge: Dodged            |    80 |    38 |    33 ||   151
